[Event "*** Titled Tuesday Blitz"]
[Site "Chess.com"]
[Date "2020.04.28"]
[Round "8"]
[White "maxsergej"]
[Black "calin_dragomirescu"]
[Result "1/2-1/2"]
[WhiteElo "2130"]
[BlackElo "2241"]
[TimeControl "180+1"]
[EndTime "11:34:34 PDT"]
[Termination "Game drawn by agreement"]

1. e4 g6 2. d4 Bg7 3. Nc3 d6 4. f4 Nf6 5. Nf3 O-O 6. Bd3 Na6 7. e5 Nd7 8. Ng5 e6 9. h4 h6 10. h5 hxg5 11. hxg6 fxg6 12. Bxg6 Rxf4 13. Bxf4 gxf4 14. Qh5 dxe5 15. Ne4 Nf6 16. Nxf6+ Qxf6 17. dxe5 Qxe5+ 18. Qxe5 Bxe5 19. O-O-O Kg7 20. Be4 Nc5 21. Rh7+ Kf6 22.
Bf3 Bd7 23. Rdxd7 Nxd7 24. Rxd7 Bd6 25. Bxb7 Rh8 26. Bf3 e5 27. Bd5 Rh2 28. a4 a5 29.
c3 Kf5 30. Rf7+ Kg4 31. Rg7+ Kf5 32. Rf7+ Kg6 33. Rd7 Rh1+ 34. Kc2 Re1 35. Kd3 Re3+ 36. Kc4 e4 37. b4 axb4 38. cxb4 Re2 39. a5 e3 40. a6 Ra2 41. Kb5 Ra1 42. Rd8 e2 43. Re8 e1=Q 44. Rxe1 Rxe1 45. a7 Ra1 46.
a8=Q Rxa8 47. Bxa8 Kf5 48. Bf3 Ke5 49. Kc6 Bxb4 50.
Kxc7 1/2-1/2

[Event "*** Titled Tuesday Blitz"]
[Site "Chess.com"]
[Date "2020.04.28"]
[Round "8"]
[White "crescentmoon2411"]
[Black "Duhless"]
[Result "1-0"]
[WhiteElo "2819"]
[BlackElo "3076"]
[TimeControl "180+1"]
[EndTime "11:34:35 PDT"]
[Termination "crescentmoon2411 won by resignation"]

1. e4 c5 2. Nf3 Nc6 3. Bb5 g6 4. Bxc6 bxc6 5. d4 Ba6 6. b3 cxd4 7. Qxd4 f6 8. c4 d6 9. O-O Nh6 10. Nc3 Nf7 11. Rd1 Bg7 12. Bb2 O-O 13. c5 Qc8 14. Rac1 f5 15. Nd5 e5 16. Ne7+ Kh8 17. Nxc8 exd4 18.
Nxd6 Nxd6 19. cxd6 Be2 20. Rxd4 fxe4 21. Ng5 Bxd4 22.
Bxd4+ Kg8 23. Nxe4 Rac8 24. Nf6+ Kf7 25. Nxh7 c5 26.
Nxf8 1-0

[Event "*** Titled Tuesday Blitz"]
[Site "Chess.com"]
[Date "2020.04.28"]
[Round "8"]
[White "BaMBoMaTTo"]
[Black "Guachiney"]
[Result "1-0"]
[WhiteElo "2649"]
[BlackElo "2816"]
[TimeControl "180+1"]
[EndTime "11:34:35 PDT"]
[Termination "BaMBoMaTTo won by resignation"]

1. d4 Nf6 2. c4 g6 3. Nc3 d5 4. cxd5 Nxd5 5. e4 Nxc3 6. bxc3 Bg7 7. Nf3 c5 8. Rb1 O-O 9. Be2 b6 10. O-O Bb7 11. Qd3 Ba6 12. Qe3 Qd7 13. dxc5 Bxe2 14.
Qxe2 bxc5 15. Qc4 Qc6 16. e5 e6 17. Re1 Nd7 18. Qh4 Rfb8 19. Ra1 Qc7 20. Bf4 Rb2 21. Rad1 Nb6 22. Bh6 Nd5 23. Bxg7 Kxg7 24. c4 Ne7 25. Ng5 h6 26. Ne4 Nf5 27. Qf6+ Kg8 28.
Rd3 Rab8 29. Red1 Rb1 30. h4 Rxd1+ 31. Rxd1 Qc6 32. Rd8+ Rxd8 33. Qxd8+ Kg7 34. Nf6 1-0

[Event "*** Titled Tuesday Blitz"]
[Site "Chess.com"]
[Date "2020.04.28"]
[Round "8"]
[White "Winehouse83"]
[Black "Nafania1"]
[Result "1-0"]
[WhiteElo "2528"]
[BlackElo "2384"]
[TimeControl "180+1"]
[EndTime "11:34:37 PDT"]
[Termination "Winehouse83 won by resignation"]

1. d4 Nf6 2. c4 e6 3. Nc3 Bb4 4. Qc2 O-O 5. e4 d6 6. e5 Nfd7 7. Nf3 c5 8. a3 Bxc3+ 9. bxc3 cxd4 10. exd6 dxc3 11. Qxc3 Nc5 12. Bb2 f6 13. Rd1 Bd7 14. Be2 Ne4 15. Qe3 Qa5+ 16. Nd2 Nxd6 17. O-O Nf5 18.
Qh3 Qb6 19. Rb1 Qc7 20. Bd3 g6 21. g4 Ng7 22. g5 e5 23. Qe3 f5 24. Bxe5 Re8 25.
Bxc7 Rxe3 26. fxe3 1-0

[Event "*** Titled Tuesday Blitz"]
[Site "Chess.com"]
[Date "2020.04.28"]
[Round "8"]
[White "827883"]
[Black "stasiek18"]
[Result "1-0"]
[WhiteElo "2189"]
[BlackElo "2327"]
[TimeControl "180+1"]
[EndTime "11:34:37 PDT"]
[Termination "827883 won by resignation"]

1. e4 g6 2. d4 Bg7 3. Nf3 d6 4. Be2 Bg4 5. O-O Nc6 6. d5 Ne5 7. Nxe5 Bxe2 8. Qxe2 Bxe5 9. Qb5+ Kf8 10. Qxb7 Nf6 11.
Bh6+ Kg8 12. Nc3 Bxh2+ 13. Kh1 Be5 14. f4 Bxc3 15. bxc3 Nxe4 16. Rf3 f5 17. Qb4 Kf7 18. Qd4 Rg8 19. Re1 c5 20. dxc6 Qb6 21. Rxe4 fxe4 22.
Qxe4 Qb1+ 23. Kh2 Qxa2 24. f5 g5 25. f6 e5 26. Qxh7+ Ke6 27. Qe7+ Kd5 28. Qf7+ Kc5 29. Qxa2 Rh8 30. Rh3 1-0

[Event "*** Titled Tuesday Blitz"]
[Site "Chess.com"]
[Date "2020.04.28"]
[Round "8"]
[White "BillCoe"]
[Black "HanSchut"]
[Result "0-1"]
[WhiteElo "2062"]
[BlackElo "2229"]
[TimeControl "180+1"]
[EndTime "11:34:37 PDT"]
[Termination "HanSchut won by resignation"]

1. e4 c5 2. Nf3 d6 3. d4 cxd4 4. Nxd4 Nf6 5. Nc3 a6 6. h3 e6 7. g4 d5 8. exd5 Nxd5 9. Bg2 Bb4 10. Bd2 Bxc3 11. bxc3 Qc7 12. Qf3 O-O 13. O-O Nc6 14.
Rab1 Bd7 15. Qe4 Rac8 16. Rb2 Na5 17. Rfb1 b5 18. Bf1 Nxc3 19. Qf3 Nxb1 20. Bxa5 Qxa5 21. Rxb1 Qc3 22. Rd1 e5 23. Qd5 exd4 24. Qxd7 Rcd8 25. Qf5 g6 26. Qf6 Qxc2 27. Rxd4 Rxd4 28. Qxd4 Qxa2 29. Qb6 Qe6 30. Qd4 Re8 31. Bg2 a5 32. Qa7 a4 33.
Qa5 Qe1+ 0-1

[Event "*** Titled Tuesday Blitz"]
[Site "Chess.com"]
[Date "2020.04.28"]
[Round "8"]
[White "praveenb2002"]
[Black "davidkalashian"]
[Result "1-0"]
[WhiteElo "2730"]
[BlackElo "2568"]
[TimeControl "180+1"]
[EndTime "11:34:39 PDT"]
[Termination "praveenb2002 won by resignation"]

1. d4 Nf6 2. c4 g6 3. Nc3 Bg7 4. g3 d6 5. Bg2 O-O 6. Nf3 c6 7. O-O Qa5 8. e4 Qh5 9. e5 dxe5 10. Nxe5 Nbd7 11. Qxh5 Nxh5 12. f4 Nhf6 13. b3 c5 14.
Be3 Ng4 15. Nxg4 cxd4 16. Nd5 dxe3 17. Nxe7+ Kh8 18. Rae1 Nc5 19. Nxe3 Re8 20. N3d5 Bd4+ 21. Kh1 Nd3 22. Re2 Bc5 23. Nc7 Bg4 24. Nxg6+ hxg6 25. Rxe8+ Rxe8 26. Nxe8 Nf2+ 27. Rxf2 Bxf2 28. Bxb7 Bc5 29.
Nf6 Bf5 30. Be4 Kg7 31. Bxf5 Kxf6 32. Be4 a5 33. Kg2 g5 34. fxg5+ Kxg5 35. h4+ Kf6 36.
Kf3 Ke5 37. h5 Kd4 38. h6 Kc3 39. Bd5 Bd4 40. Bxf7 Kb2 41. h7 Kxa2 42. c5 1-0

[Event "*** Titled Tuesday Blitz"]
[Site "Chess.com"]
[Date "2020.04.28"]
[Round "8"]
[White "skoularikii"]
[Black "Gvetadze"]
[Result "0-1"]
[WhiteElo "2512"]
[BlackElo "2396"]
[TimeControl "180+1"]
[EndTime "11:34:39 PDT"]
[Termination "Gvetadze won by resignation"]

1. e4 c5 2. Nf3 g6 3. c3 Bg7 4. Bd3 Nc6 5. Bc2 Nf6 6. O-O O-O 7. d4 cxd4 8. cxd4 d5 9. e5 Ne8 10. Nc3 Bg4 11. Be3 Nc7 12. h3 Bxf3 13. Qxf3 f6 14. exf6 Bxf6 15. Qg4 e5 16. Bb3 exd4 17. Bh6 dxc3 18.
Bxf8 cxb2 19. Rad1 Qxf8 20. Qd7 Qf7 21. Rxd5 Qxd7 22.
Rxd7+ Kh8 23. Rxc7 Nd4 24. Rxb7 Nxb3 25. Rxb3 Rc8 26.
Rb7 a5 27. a4 Rc4 28. Rb6 Bd4 29. Rb3 Rxa4 30. g3 Ra1 31. Kg2 a4 32. Rb7 Rxf1 33.
Kxf1 a3 0-1

[Event "*** Titled Tuesday Blitz"]
[Site "Chess.com"]
[Date "2020.04.28"]
[Round "8"]
[White "Ana_Berke"]
[Black "Zarikovs1999"]
[Result "0-1"]
[WhiteElo "2111"]
[BlackElo "2278"]
[TimeControl "180+1"]
[EndTime "11:34:39 PDT"]
[Termination "Zarikovs1999 won by resignation"]

1. e4 c5 2. Nf3 Nf6 3. Nc3 Nc6 4. Bb5 Qc7 5. O-O e6 6. Re1 Be7 7. d4 cxd4 8. Nxd4 a6 9. Bf1 O-O 10. Bg5 Qe5 11. Nxc6 bxc6 12. Bd2 Qc5 13. b3 d5 14. e5 Nd7 15. Na4 Qa7 16. Rc1 c5 17. Bf4 Bb7 18. c4 d4 19. Bd3 Bc6 20. Nb2 Qb7 21. Qg4 Kh8 22. h4 Rg8 23. h5 h6 24. f3 Nf8 25.
Qg3 Rd8 26. Qf2 Nh7 27. Qd2 Bg5 28. Bb1 Bxf4 29. Qxf4 Ng5 30. Nd3 Qe7 31. Rcd1 Rdf8 32. Nf2 g6 33. Ne4 Bxe4 34. Bxe4 Nxe4 35. Qxe4 gxh5 36.
Kf2 Rg5 37. Rh1 Rfg8 38. Rh2 Qf8 39. Rdh1 Qg7 40. f4 Rg3 41. Rg1 Qg4 42. a3 Re3 43. Qxe3 dxe3+ 44. Kxe3 Qg3+ 0-1

[Event "*** Titled Tuesday Blitz"]
[Site "Chess.com"]
[Date "2020.04.28"]
[Round "8"]
[White "Colombiano07"]
[Black "WiktoriaPOL"]
[Result "1-0"]
[WhiteElo "2210"]
[BlackElo "2028"]
[TimeControl "180+1"]
[EndTime "11:34:40 PDT"]
[Termination "Colombiano07 won by resignation"]

1. d4 Nf6 2. Nf3 g6 3. Bf4 Bg7 4. e3 O-O 5. h3 d6 6. Bh2 c5 7. c3 Qb6 8. Qb3 Nc6 9. Nbd2 Be6 10. Bc4 Na5 11. Qxb6 axb6 12. Bxe6 fxe6 13. Ng5 e5 14. Ne6 Rfc8 15. Nxg7 Kxg7 16. dxe5 dxe5 17. Bxe5 c4 18. Ke2 Kf7 19. Bxf6 exf6 20. Rhd1 Rd8 21. Ne4 Ke6 22. Rd4 Rxd4 23. exd4 Nb3 24. Rd1 Rxa2 25. d5+ Ke5 26.
Ke3 g5 27. g3 Ra1 28. f4+ gxf4+ 29. gxf4+ Kf5 30. Nd6+ Kg6 31. Rxa1 Nxa1 32. Nxb7 Kf7 33. Nd6+ Ke7 34. Nxc4 Nc2+ 35. Ke4 b5 36. Ne3 Nxe3 37. Kxe3 Kd6 38. Kd4 f5 39. b3 h6 40. c4 h5 41. c5+ Kd7 42. b4 1-0

[Event "*** Titled Tuesday Blitz"]
[Site "Chess.com"]
[Date "2020.04.28"]
[Round "8"]
[White "IMTominho"]
[Black "Tayson_7"]
[Result "1-0"]
[WhiteElo "2822"]
[BlackElo "2652"]
[TimeControl "180+1"]
[EndTime "11:34:41 PDT"]
[Termination "IMTominho won by resignation"]

1. d4 Nf6 2. Bg5 c5 3. d5 Qb6 4. Bc1 g6 5. Nc3 Bg7 6. Nf3 O-O 7. e4 d6 8. Be2 e6 9. O-O exd5 10. exd5 Nbd7 11. a4 a6 12. a5 Qc7 13. Bf4 b5 14. axb6 Nxb6 15. Ng5 Re8 16. Bf3 Bf5 17. g4 Bd7 18. h3 Nc4 19. b3 Ne5 20. Bg2 a5 21.
Ra2 c4 22. Nce4 Nxe4 23. Nxe4 f5 24. gxf5 Bxf5 25. Ng5 cxb3 26. cxb3 Nd3 27. Bg3 Nb4 28. Rd2 Bc3 29. h4 Bxd2 30. Qxd2 Qc2 31. Qd4 Qc5 32. Qf6 Nxd5 33. Qf7+ 1-0

[Event "*** Titled Tuesday Blitz"]
[Site "Chess.com"]
[Date "2020.04.28"]
[Round "8"]
[White "Bigfish1995"]
[Black "korbul"]
[Result "1-0"]
[WhiteElo "3064"]
[BlackElo "2602"]
[TimeControl "180+1"]
[EndTime "11:34:45 PDT"]
[Termination "Bigfish1995 won by resignation"]

1. Nf3 c5 2. g3 Nc6 3. Bg2 e5 4. c4 d6 5. O-O f5 6. Nc3 Nf6 7.
d3 Be7 8. Bg5 O-O 9. Nd2 Qe8 10.
e3 Qg6 11. Bh4 Bd8 12. a3 a5 13. Rb1 f4 14. Nde4 Nxe4 15. Bxe4 Qh6 16. Bxd8 Rxd8 17. Nd5 Bh3 18. Re1 Kh8 19. exf4 exf4 20. Nxf4 Nd4 21. Nxh3 Qxh3 22. Bxb7 Rab8 23. Bg2 Qf5 24. Re4 Qf6 25. Qd2 h6 26. Qxa5 Rb3 27. Rbe1 Rf8 28. Rf4 Qd8 29. Qa4 Rxf4 30. gxf4 Rb8 31. b4 Qf6 32. Re8+ Rxe8 33. Qxe8+ Kh7 34. b5 g6 35. b6 Qxf4 36.
Qe3 Qg4 37. h3 Qd1+ 38. Kh2 Ne2 39. f4 Nd4 40. Qe7+ Kh8 41. b7 1-0

[Event "*** Titled Tuesday Blitz"]
[Site "Chess.com"]
[Date "2020.04.28"]
[Round "8"]
[White "AcsinteMatei"]
[Black "Noam_Vitenberg"]
[Result "1-0"]
[WhiteElo "2313"]
[BlackElo "2489"]
[TimeControl "180+1"]
[EndTime "11:34:46 PDT"]
[Termination "AcsinteMatei won by resignation"]

1. d4 d5 2. Bf4 Nf6 3. e3 c5 4. c3 Nc6 5. Nd2 Bf5 6. Ngf3 e6 7. Bb5 Nd7 8. Qa4 Qb6 9. c4 a6 10. Bxc6 Qxc6 11. Qxc6 bxc6 12. O-O Be7 13. Rfc1 O-O 14. Nb3 Rac8 15. Ne5 Nxe5 16. Bxe5 cxd4 17. Nxd4 Bd3 18. cxd5 cxd5 19. Nc6 Bh4 20. g3 Bg5 21. f4 Bb5 22. Bd6 Rfd8 23. Nxd8 Rxd8 24. Bc7 Bc4 25. Bxd8 Bxd8 26. b3 Bb6 27. bxc4 Bxe3+ 28. Kg2 1-0

[Event "*** Titled Tuesday Blitz"]
[Site "Chess.com"]
[Date "2020.04.28"]
[Round "8"]
[White "gvanna"]
[Black "manmanlai1"]
[Result "0-1"]
[WhiteElo "2452"]
[BlackElo "2320"]
[TimeControl "180+1"]
[EndTime "11:34:46 PDT"]
[Termination "manmanlai1 won by resignation"]

1. e4 c5 2. Nf3 e6 3. d4 cxd4 4.
Nxd4 Nc6 5. Nxc6 bxc6 6. Bd3 e5 7. O-O Nf6 8. Bg5 Be7 9. Nd2 O-O 10. c4 d6 11. h3 Be6 12. Kh1 h6 13. Be3 d5 14. f4 exf4 15. Bxf4 dxe4 16. Nxe4 Qb6 17. Qc2 Rad8 18. Rae1 Nh5 19. Be3 Qb8 20. Rf3 Rfe8 21. b3 Bh4 22. Rd1 Bc8 23. g4 Nf6 24. Nxf6+ Bxf6 25. Bxh6 c5 26. Bf4 Qa8 27. Bh7+ Kh8 28. Rxd8 Bxd8 29. Bf5 Bb7 30. Kh2 Bxf3 31. Qd2 Re2+ 0-1

[Event "*** Titled Tuesday Blitz"]
[Site "Chess.com"]
[Date "2020.04.28"]
[Round "8"]
[White "Akhayan"]
[Black "axvesik"]
[Result "0-1"]
[WhiteElo "2302"]
[BlackElo "2461"]
[TimeControl "180+1"]
[EndTime "11:34:46 PDT"]
[Termination "axvesik won by resignation"]

1. d4 Nf6 2. Nf3 e6 3. g3 c5 4. Bg2 cxd4 5. Nxd4 d5 6. O-O e5 7.
Nb3 Nc6 8. c4 dxc4 9. Qxd8+ Kxd8 10. N3d2 Be6 11. Nc3 Rc8 12. Nde4 Nxe4 13. Nxe4 Be7 14.
Ng5 Bxg5 15. Bxg5+ f6 16. Be3 Kc7 17. Rac1 Rhd8 18. Bxc6 Kxc6 19. b3 b5 20. a4 a6 21.
axb5+ axb5 22. bxc4 Bxc4 23. Rc2 Ra8 24. Rb1 Ra3 25.
h4 Rda8 26. Kg2 Ra2 27. Rbb2 Rxb2 28. Rxb2 Ra2 29. Rxa2 Bxa2 30. Bd2 Kc5 31. g4 b4 32. f4 exf4 33. Bxf4 Kc4 34. Bc1 Kc3 35. Kf3 b3 36. e4 b2 37. Bxb2+ Kxb2 38. e5 fxe5 39. Ke4 Be6 40. g5 Kc3 41. Kxe5 Bg4 42. Kd6 Kd4 43. Ke7 Ke5 44. Kf7 g6 45. Kg7 Bh5 46. Kxh7 Kf4 47. Kg7 Kg4 48. Kf6 Kxh4 49. Ke5 Kg4 50. Ke4 Kxg5 0-1

[Event "*** Titled Tuesday Blitz"]
[Site "Chess.com"]
[Date "2020.04.28"]
[Round "8"]
[White "JulAnt"]
[Black "AlexZambrano"]
[Result "1-0"]
[WhiteElo "2516"]
[BlackElo "2363"]
[TimeControl "180+1"]
[EndTime "11:34:47 PDT"]
[Termination "JulAnt won by resignation"]

1. e4 d5 2. exd5 Qxd5 3. Nc3 Qd6 4. d4 c6 5. Nge2 Nf6 6. Bf4 Qb4 7. a3 Qa5 8. b4 Qd8 9. g3 Bg4 10. Bg2 Bxe2 11. Nxe2 e6 12. c4 Bd6 13. Bg5 Nbd7 14. O-O O-O 15. h3 h6 16. Be3 e5 17. Qd2 exd4 18.
Nxd4 Be5 19. Rac1 Nb6 20. Rfd1 Qd7 21. Qe2 Qc7 22. Nf5 Rad8 23. Re1 Qd7 24. Bxb6 axb6 25. Qxe5 Rfe8 26. Qf4 g5 27. Nxh6+ 1-0

[Event "*** Titled Tuesday Blitz"]
[Site "Chess.com"]
[Date "2020.04.28"]
[Round "8"]
[White "fridaywins"]
[Black "BakaPG"]
[Result "0-1"]
[WhiteElo "2242"]
[BlackElo "2669"]
[TimeControl "180+1"]
[EndTime "11:34:47 PDT"]
[Termination "BakaPG won by checkmate"]

1. e4 e6 2. d4 d5 3. Nc3 Nf6 4. e5 Nfd7 5. f4 c5 6. Nf3 Nc6 7. Be3 cxd4 8. Nxd4 Bc5 9. Qd2 O-O 10. Be2 a6 11. O-O Nxd4 12. Bxd4 b5 13. Bxc5 Nxc5 14. Qd4 Qb6 15. Kh1 b4 16. Nd1 a5 17. Ne3 Ba6 18.
Bxa6 Rxa6 19. f5 Ne4 20. Qd3 Rd8 21. Rad1 Raa8 22. f6 gxf6 23. exf6 Kh8 24. Ng4 Qc7 25. Rde1 Rg8 26. Rxe4 dxe4 27. Qxe4 Raf8 28. h3 Rg5 29. Qe3 Qc5 30. Qd3 Qd5 31. Qe3 Rc8 32. c3 h5 33.
Nh6 Qxg2# 0-1

[Event "*** Titled Tuesday Blitz"]
[Site "Chess.com"]
[Date "2020.04.28"]
[Round "8"]
[White "Pavalamalli"]
[Black "Kolle05"]
[Result "1-0"]
[WhiteElo "2264"]
[BlackElo "2403"]
[TimeControl "180+1"]
[EndTime "11:34:49 PDT"]
[Termination "Pavalamalli won on time"]

1. d4 Nf6 2. Nc3 d5 3. Bf4 g6 4. Qd2 Bg7 5. h4 h5 6. Nf3 O-O 7. O-O-O c5 8. dxc5 Qa5 9. Kb1 Qxc5 10. Nxd5 Nc6 11. Be3 Qxd5 12. Qxd5 Nxd5 13. Rxd5 Be6 14. Rd1 Rfd8 15. Rd2 Na5 16. g3 Nc4 17. Rxd8+ Rxd8 18. Bg2 Bxb2 19. Bc1 Bc3 20. Ng5 Rd6 21. a4 Rb6+ 22.
Ka2 Bf5 23. e4 Bd7 24. Rd1 Bxa4 25. Rd3 Bf6 26. Rd7 1-0

[Event "*** Titled Tuesday Blitz"]
[Site "Chess.com"]
[Date "2020.04.28"]
[Round "8"]
[White "ulises2013"]
[Black "Maghalashvili"]
[Result "0-1"]
[WhiteElo "2623"]
[BlackElo "2795"]
[TimeControl "180+1"]
[EndTime "11:34:51 PDT"]
[Termination "Maghalashvili won by resignation"]

1. d4 Nf6 2. c4 c5 3. Nf3 g6 4.
Nc3 cxd4 5. Nxd4 Bg7 6. g3 O-O 7. Bg2 Nc6 8. O-O Nxd4 9. Qxd4 d6 10. h3 Be6 11. Qd3 Qc8 12. Nd5 Nxd5 13. cxd5 Bxh3 14.
Bg5 Bxg2 15. Kxg2 Bxb2 16. Rab1 Bf6 17. Bxf6 exf6 18. Qd4 Kg7 19. Rb3 Re8 20. Rf3 Re5 21.
Rxf6 Qc5 22. Qxc5 dxc5 23. Rd6 Rxe2 24. Rd7 b5 25. Rd1 Rxa2 26. Rc7 Re8 27. d6 Ree2 28. Rxc5 Rxf2+ 29. Kg1 Rg2+ 30. Kh1 Rh2+ 31. Kg1 Rag2+ 32. Kf1 Rh1+ 0-1

[Event "*** Titled Tuesday Blitz"]
[Site "Chess.com"]
[Date "2020.04.28"]
[Round "8"]
[White "gurelediz"]
[Black "zabivol_mc"]
[Result "1-0"]
[WhiteElo "2598"]
[BlackElo "2454"]
[TimeControl "180+1"]
[EndTime "11:34:52 PDT"]
[Termination "gurelediz won by checkmate"]

1. e4 e6 2. d4 d5 3. Nd2 Be7 4. Bd3 c5 5. dxc5 Nf6 6. Qe2 a5 7. Ngf3 O-O 8. O-O Na6 9. e5 Nd7 10. c4 Ndxc5 11. Bb1 dxc4 12. Nxc4 Bd7 13. Rd1 Qc7 14.
Bg5 Bxg5 15. Bxh7+ Kxh7 16. Nxg5+ Kg6 17. Qg4 f5 18. Qg3 Kh6 19. Qh4+ Kg6 20. Qh7+ Kxg5 21. h4+ Kf4 22. Qxg7 Rg8 23. Rd4+ Ne4 24. g3+ Kf3 25. Rd3+ Ke2 26. Re3# 1-0

[Event "*** Titled Tuesday Blitz"]
[Site "Chess.com"]
[Date "2020.04.28"]
[Round "8"]
[White "Quiet_Desperation"]
[Black "DaggiGretarsson"]
[Result "0-1"]
[WhiteElo "1849"]
[BlackElo "2444"]
[TimeControl "180+1"]
[EndTime "11:34:54 PDT"]
[Termination "DaggiGretarsson won by resignation"]

1. e4 g6 2. d4 Bg7 3. Nc3 d6 4. Be3 a6 5. f4 b5 6. a3 Nd7 7. Nf3 Bb7 8. Bd3 e6 9. O-O Ngf6 10. e5 Ng4 11. Bd2 c5 12. h3 cxd4 13. Nxd4 Qb6 14.
Qxg4 Qxd4+ 15. Kh1 dxe5 16. Rad1 O-O 17. Bc1 Qb6 18. Qh4 Rad8 19. f5 exf5 20. Bg5 f6 21. Bh6 e4 22. Bxg7 Kxg7 23. Be2 Ne5 24. Na2 Qe3 25. Rde1 Qg5 26. Qf2 e3 27. Qg1 f4 28.
Nc3 Rd2 29. Bf3 Nxf3 30. gxf3 0-1

[Event "*** Titled Tuesday Blitz"]
[Site "Chess.com"]
[Date "2020.04.28"]
[Round "8"]
[White "Tiqr777"]
[Black "Sashadav97"]
[Result "0-1"]
[WhiteElo "2598"]
[BlackElo "2747"]
[TimeControl "180+1"]
[EndTime "11:34:55 PDT"]
[Termination "Sashadav97 won by checkmate"]

1. c4 e6 2. Nc3 d5 3. d4 Nf6 4. Bg5 dxc4 5. e3 a6 6. Bxc4 c5 7. dxc5 Bxc5 8. Qxd8+ Kxd8 9. O-O-O+ Nd7 10. Nf3 b5 11.
Bb3 Ke8 12. e4 b4 13. Na4 Nxe4 14. Nxc5 Nexc5 15. Bc4 f6 16. Be3 Bb7 17. Rd6 Rc8 18. Kb1 Rc6 19. Rhd1 Rxd6 20. Rxd6 Ke7 21. Bxc5 Nxc5 22.
Rb6 Be4+ 23. Kc1 Rc8 24. b3 Bd5 25. Nd2 Nd3+ 26. Kb1 Nxf2 27. Bxd5 exd5 28. Rb7+ Kf8 29. Rxb4 Nd3 30. Rd4 Rc1# 0-1

[Event "*** Titled Tuesday Blitz"]
[Site "Chess.com"]
[Date "2020.04.28"]
[Round "8"]
[White "Stormeman100100"]
[Black "ajian"]
[Result "1-0"]
[WhiteElo "2525"]
[BlackElo "2362"]
[TimeControl "180+1"]
[EndTime "11:34:56 PDT"]
[Termination "Stormeman100100 won on time"]

1. e4 c5 2. Nf3 Nc6 3. d4 cxd4 4. Nxd4 Nf6 5. Nc3 e5 6. Ndb5 d6 7. Bg5 a6 8. Na3 b5 9. Bxf6 gxf6 10. Nd5 f5 11. Bxb5 axb5 12. Nxb5 Ra4 13. c4 Rxc4 14. O-O Rg8 15. Nbc7+ Kd7 16. Qh5 Qg5 17. Qxf7+ Be7 18.
Nf6+ Qxf6 19. Qxg8 Rxe4 20. Nd5 Qf8 21. Qxf8 Bxf8 22.
Nf6+ Ke6 23. Nxe4 fxe4 24. Rac1 Bb7 25. Rfe1 d5 26. a3 Nd4 27. b4 Ba6 28. Kh1 Bc4 29. Re3 Bh6 30. a4 Bxe3 31. fxe3 Nc6 32. b5 Na5 33.
Kg1 Kd6 34. Kf2 Kc5 35. Rb1 Nb3 36. g4 d4 37. h4 d3 38. g5 d2 39. Rd1 Bd3 40.
h5 Kd6 41. g6 hxg6 42. h6 1-0

[Event "*** Titled Tuesday Blitz"]
[Site "Chess.com"]
[Date "2020.04.28"]
[Round "8"]
[White "yamalchess"]
[Black "FROGGY64"]
[Result "0-1"]
[WhiteElo "2575"]
[BlackElo "2464"]
[TimeControl "180+1"]
[EndTime "11:34:58 PDT"]
[Termination "FROGGY64 won by resignation"]

1. d4 e6 2. c4 b6 3. Nc3 Bb4 4. Nf3 Bb7 5. Qc2 f5 6. a3 Bxc3+ 7. Qxc3 Nf6 8. Bf4 O-O 9. e3 Ne4 10. Qc2 d6 11. Be2 Nd7 12. O-O Qe7 13. h3 Kh8 14. Rad1 e5 15. dxe5 dxe5 16. Rxd7 Qxd7 17. Nxe5 Qe7 18.
f3 Nc5 19. b4 Ne6 20. Bh2 f4 21.
Bd3 Qg5 22. Ng4 fxe3 23. Bxh7 Nd4 24. Qg6 Qxg6 25. Bxg6 e2 26. Re1 Bxf3 27. Ne5 Nc2 28. Bxc2 Bh5 29. g4 Be8 30. Rxe2 Rd8 31. Bg6 Kg8 32. Bf5 Rd1+ 33. Kg2 Rd4 34. h4 g6 35. Be6+ Kg7 36. Nf3 Bc6 37. Re3 Rd2+ 38. Kg3 Bxf3 39.
Rxf3 Rxf3+ 40. Kxf3 Rxh2 41. h5 Ra2 42. c5 Rxa3+ 43.
Kf4 Ra4 44. Kg5 gxh5 45. gxh5 Rxb4 46. h6+ Kh8 47. cxb6 cxb6 48. Kf6 a5 49. Ke5 a4 50. Kd6 a3 51. Kc6 Rb2 0-1

[Event "*** Titled Tuesday Blitz"]
[Site "Chess.com"]
[Date "2020.04.28"]
[Round "8"]
[White "monstertube"]
[Black "Boudicca64"]
[Result "1-0"]
[WhiteElo "2150"]
[BlackElo "1902"]
[TimeControl "180+1"]
[EndTime "11:34:58 PDT"]
[Termination "monstertube won by resignation"]

1. d4 Nf6 2. Nf3 e6 3. Bg5 h6 4. Bh4 Be7 5. e3 b6 6. c4 g5 7. Bg3 Bb7 8. Bd3 c5 9. Nc3 g4 10. Ne5 h5 11. Bf1 d6 12. Nd3 h4 13. Bf4 h3 14.
Rg1 hxg2 15. Bxg2 Bxg2 16. Rxg2 cxd4 17. exd4 d5 18. Nb5 Na6 19. Rc1 dxc4 20. Rxc4 Nd5 21. Bg3 Kf8 22. Nc3 Nac7 23. Qxg4 Rc8 24. Bxc7 Nxc7 25. Qg7+ Ke8 26. Qxh8+ Kd7 27. Ne5+ Kd6 1-0

[Event "*** Titled Tuesday Blitz"]
[Site "Chess.com"]
[Date "2020.04.28"]
[Round "8"]
[White "eldur16"]
[Black "jonaszmb"]
[Result "0-1"]
[WhiteElo "2571"]
[BlackElo "2462"]
[TimeControl "180+1"]
[EndTime "11:35:00 PDT"]
[Termination "jonaszmb won by resignation"]

1. e4 c5 2. Nc3 a6 3. g3 b5 4.
Bg2 Bb7 5. Nge2 e6 6. d4 b4 7. Na4 cxd4 8. Nxd4 Nf6 9. O-O Bxe4 10. Bxe4 Nxe4 11. Re1 d5 12. Qh5 Nf6 13. Rxe6+ Be7 14.
Qe2 fxe6 15. Nxe6 Qa5 16. Nxg7+ Kf7 17. Qe6+ Kxg7 18. Qxe7+ Kg6 19. Bh6 Rg8 20. Re1 Qxa4 21. Re5 Nbd7 22. Re6 Kxh6 23. Rxf6+ Nxf6 24. Qxf6+ Rg6 25. Qf4+ Kg7 26. Qc7+ Kg8 0-1

[Event "*** Titled Tuesday Blitz"]
[Site "Chess.com"]
[Date "2020.04.28"]
[Round "8"]
[White "MarcoRiehle"]
[Black "NemtsevIgor"]
[Result "1-0"]
[WhiteElo "2562"]
[BlackElo "2362"]
[TimeControl "180+1"]
[EndTime "11:35:00 PDT"]
[Termination "MarcoRiehle won by resignation"]

1. e4 c6 2. c4 d5 3. exd5 cxd5 4.
cxd5 a6 5. Nc3 Nf6 6. Nf3 Nxd5 7.
Bc4 e6 8. O-O Be7 9. d4 O-O 10.
Re1 Nxc3 11. bxc3 b5 12. Bd3 Bb7 13. a4 Nd7 14. axb5 axb5 15. Rxa8 Qxa8 16. Bxb5 Nf6 17. Bd3 Rc8 18. c4 Rd8 19. Be3 Qa3 20. Bf1 Bb4 21.
Qa1 Qxa1 22. Rxa1 Bxf3 23. gxf3 Bc3 24. Rd1 h6 25. c5 Nd5 26. Rc1 Ba5 27. Ba6 f5 28. f4 Nc3 29. c6 Nd5 30. Rb1 Bc7 31.
Bc4 Nxf4 32. Rb7 Bd6 33. Bxf4 Bxf4 34. Bxe6+ Kf8 35. c7 Bxc7 36. Rxc7 Rxd4 37. Rf7+ Ke8 38. Rxg7 f4 39. Kg2 Rd6 40. Bg4 Kf8 41. Ra7 Rb6 42. Kf3 Rf6 43. Ra4 1-0

[Event "*** Titled Tuesday Blitz"]
[Site "Chess.com"]
[Date "2020.04.28"]
[Round "8"]
[White "DonPreuss"]
[Black "JakeCarlosBanawa"]
[Result "0-1"]
[WhiteElo "2186"]
[BlackElo "2309"]
[TimeControl "180+1"]
[EndTime "11:35:00 PDT"]
[Termination "JakeCarlosBanawa won by checkmate"]

1. d4 Nf6 2. Nc3 d5 3. e4 Nxe4 4. Nxe4 dxe4 5. Bc4 c6 6. c3 Nd7 7.
f3 e3 8. Bxe3 Nf6 9. Ne2 Bf5 10.
Ng3 Bg6 11. O-O e6 12. f4 Nd5 13. Bd2 Bd6 14. Qf3 Qc7 15. f5 Bxg3 16. fxg6 Bxh2+ 17. Kf2 fxg6 18. Ke2 O-O-O 19. Qh3 Kb8 20. Rf3 Bd6 21. Raf1 e5 22. Rf7 Qb6 23. Rxg7 exd4 24. Bxd5 cxd5 25. Rff7 Rde8+ 26. Kd1 dxc3 27. Bxc3 Qg1+ 28. Kd2 Qe1+ 29. Kc2 Re2+ 30. Kb3 Qd1# 0-1

[Event "*** Titled Tuesday Blitz"]
[Site "Chess.com"]
[Date "2020.04.28"]
[Round "8"]
[White "CraiggoryC"]
[Black "vinodbhagwat1976"]
[Result "0-1"]
[WhiteElo "2056"]
[BlackElo "2222"]
[TimeControl "180+1"]
[EndTime "11:35:00 PDT"]
[Termination "vinodbhagwat1976 won on time"]

1. e4 e5 2. Nc3 Nf6 3. g3 Bc5 4. Bg2 d6 5. Nge2 Nc6 6. O-O O-O 7. Na4 Bb6 8. d3 Bg4 9. h3 Bd7 10.
Kh2 Qe7 11. f4 exf4 12. Nxf4 Ne5 13. Nxb6 axb6 14. Nh5 Nxh5 15. Qxh5 Ra5 16. Qe2 Ng6 17. Bd2 Raa8 18. a3 f6 19. Rae1 Rae8 20. d4 Kh8 21.
Qc4 c6 22. Bb4 b5 23. Qb3 Be6 24. d5 Bg8 25. a4 c5 26. Bd2 b4 27. Qc4 Ne5 28. Qb5 Bf7 29. b3 Bg6 30. Qe2 f5 31. exf5 Bxf5 32. Qf2 Qd7 0-1